 Dungeon Crawl Stone Soup version 0.31.0-12-g77e489cdc1 (webtiles) character file.

Game seed: 705605346333440241

296 Gadfly the Scratcher (level 6, 32/32 HPs)
             Began as a Felid Shapeshifter on Feb 23, 2024.
             Quit the game in a sewer.
             The game lasted 00:05:22 (3422 turns).

Gadfly the Scratcher (Felid Shapeshifter)           Turns: 3422, Time: 00:05:22

Health: 32/32      AC:  2    Str: 12    XL:     6   Next: 12%
Magic:  7/7        EV: 18    Int: 14    God:
Gold:   763        SH:  0    Dex: 15    Spells: 5/5 levels left
                                        Lives:  0   Deaths: 2

rFire   . .          .
                       - Unarmed
rCold   . . .        (shield unavailable)
rNeg    . . .        (body armour unavailable)
rPois   .            (helmet unavailable)
rElec   .            (cloak unavailable)
rCorr   .            (gloves unavailable)
SInv    +            (boots unavailable)
Will    .....        f - amulet of the acrobat
Stlth   +            (no ring)
HPRegen 0.25/turn    (no ring)
MPRegen 0.10/turn

%: acrobat
@: beast-form
A: beast (slay +2), very small, claws 1, fangs 3, see invisible, shaggy fur 2,
stealthy paws, no weapons or thrown items, no armour, multi-lived
a: Begin Untransformation


You were in a sewer.
You were a hulking beast.
You visited 1 branch of the dungeon, and saw 4 of its levels.
You also visited: Sewer.

You collected 931 gold pieces.
You spent 168 gold pieces at shops.

Inventory:

Jewellery
 f - an amulet of the acrobat (around neck)
 n - an amulet of faith
Talismans
 b - a beast talisman
 c - a flux talisman
 k - a flux talisman
Scrolls
 g - a scroll of revelation
 i - 3 scrolls of fear
 j - a scroll of poison
Potions
 a - a potion of lignification
 d - a potion of attraction
 e - a potion of heal wounds
 h - a potion of curing
 l - a potion of cancellation {unknown}
 m - a potion of invisibility {unknown}


   Skills:
 * Level 2.8 Fighting
 + Level 4.0 Dodging
 * Level 4.2 Unarmed Combat
 * Level 2.5 Evocations
 * Level 3.6 Shapeshifting


You had 5 spell levels left.
You didn't know any spells.
Your spell library was empty.

Dungeon Overview and Level Annotations

Branches:
Dungeon (4/15)              Sewer (1/1)
 Temple: D:4-7

Altars:
Vehumet

Shops:
D:2 ?


Innate Abilities, Weirdness & Mutations

You are a hulking beast.
Your limbs bulge with bestial killing power. (Slay +2)
You have sharp claws.
You have razor-sharp teeth.
You have supernaturally acute eyesight. (SInv)
You are covered in thick fur. (AC +2)
Your paws help you pounce on unaware monsters.
You are incapable of wielding weapons or throwing items.
You cannot wear armour.
You gain extra lives every three experience levels.


Message History

You claw the jelly! The acid corrodes you!
Your paws burn!
The jelly is severely wounded.
The jelly barely misses you.
You completely miss the jelly. You bite the jelly, but do no damage.
The jelly is severely wounded.
The endoplasm freezes you.
You are frozen.
The jelly barely misses you.
Your unstable footing causes you to fumble your attack.
The endoplasm jiggles.
The endoplasm freezes you.
You are frozen.
The jelly misses you.
Your unstable footing causes you to fumble your attack.
The endoplasm hits you. The jelly hits you. The acid corrodes you!
You are splashed with acid!
* * * LOW HITPOINT WARNING * * *
You are too injured to fight recklessly!
You are too injured to fight recklessly!
You are too injured to fight recklessly!
There are monsters nearby!
Unknown command.
You enter the shallow water.
Moving in this stuff is going to be slow.
The endoplasm attacks as it pursues you!
The endoplasm completely misses you.
You scratch the endoplasm but do no damage.
The endoplasm closely misses you.
You barely miss the endoplasm. You scratch the jelly.
Your paws burn!
* * * LOW HITPOINT WARNING * * *
The jelly is almost dead.
You scratch the jelly but do no damage.
Your paws burn!
* * * LOW HITPOINT WARNING * * *
The jelly is almost dead.
The jelly hits you.
* * * LOW HITPOINT WARNING * * *
The acid corrodes you!
You are splashed with acid!
You die...
Your shape twists and changes as you die.
You rejoin the land of the living...
Are you sure you want to abandon this character and quit the game? (Confirm with "yes".)

.#
######†.####..~##
#
##....#.~.##~~~..#
#∩..~~~~~.#~..#
#.~.##..~~.~..# #
##~....~~~##
#..~##~~.~#
##.##..~†~##
..~###~~†.~..##
~~~.~~~~##...h###
#.....†####~~~~.##
####..# ##.~~.~#
#.. ###~..# #.
##..## ## #.~.#
##.~# ##########
#..# #~.......#
#~~#


There were no monsters in sight!

Vanquished Creatures
  A scorpion (D:4)
  An orc wizard (D:4)
  5 river rats
  4 adders
  3 dart slugs
  3 ribbon worms
  11 orcs
  16 endoplasms
  3 giant cockroaches
  6 goblins
  7 hobgoblins
  6 jackals (D:1)
  3 kobolds
  2 quokkas
  10 ball pythons
  6 bats
  6 frilled lizards
  8 rats
101 creatures vanquished.

Notes
Turn   | Place    | Note
-------+----------+-------------------------------------------
     0 | D:1      | Gadfly the Felid Shapeshifter began the quest for the Orb.
     0 | D:1      | Reached XP level 1. HP: 10/10 MP: 2/2
   175 | D:1      | Reached XP level 2. HP: 10/14 MP: 3/3
   523 | D:1      | Reached skill level 1 in Evocations
   739 | D:1      | Reached XP level 3. HP: 18/18 MP: 4/4
   739 | D:1      | Identified a scroll of acquirement
   744 | D:1      | Acquired 811 gold pieces
  1228 | D:2      | Found Jiegic's Magic Scroll Shop.
  1231 | D:2      | Bought 3 scrolls of fear for 144 gold pieces
  1231 | D:2      | Bought a scroll of identify for 24 gold pieces
  1649 | D:2      | Reached XP level 4. HP: 18/23 MP: 5/5
  1649 | D:2      | Gained a life (2 lives remaining)
  2225 | D:3      | Found a radiant altar of Vehumet.
  2268 | D:3      | Found a faded altar of an unknown god.
  2976 | D:4      | Noticed a scorpion
  2977 | D:4      | Reached XP level 5. HP: 26/26 MP: 6/6
  3146 | D:4      | Found a glowing drain.
  3226 | Sewer    | Entered a sewer
  3272 | Sewer    | Gained mutation: You are covered in thick fur. (AC +2)
                  | [Felid growth]
  3272 | Sewer    | Reached XP level 6. HP: 32/32 MP: 7/7
  3317 | Sewer    | Splashed by a jelly's acid
  3317 | Sewer    | Lost a life (1 life remaining)
  3421 | Sewer    | HP: 1/32 [jelly (3)]
  3421 | Sewer    | Splashed by a jelly's acid
  3421 | Sewer    | Lost a life (0 lives remaining)
  3422 | Sewer    | Quit the game

Illustrated notes

Levels and vault maps discovered:
D:1:      minmay_arrival_solitary_statue, layout_loops_corners
D:2:      layout_basic, serial_shops, nicolae_shop_rolled_up, nicolae_titane
D:3:      layout_basic, vehumet_crystals,
          hellmonk_ecumenical_altar_heavens_door, kennysheep_pointless_box,
          grunt_ministairs_6, chequers_serial_rivers_small_a
D:4:      layout_rooms, portal_sewer_entry_e
Sewer:    sewer_hellmonk_slimy_pipes

Skill      XL: |  1  2  3  4  5 |
---------------+----------------+-----
Dodging        | 3 4 |  4.0
Evocations     | 1 2 |  2.5
Shapeshifting  | 3 |  3.6
Fighting       | 2 |  2.8
Unarmed Combat | 4 |  4.2

Action                     |  1- 3 |  4- 6 || total
---------------------------+-------+-------++-------
  Melee: Unarmed           |   107 |   180 ||   287
         Bite              |     7 |    16 ||    23
         Punch             |     3 |     4 ||     7
    Use: Scroll            |     5 |     4 ||     9
         Potion            |       |     2 ||     2
   Stab: Sleeping          |     3 |     2 ||     5
 Armour: Skin              |    27 |    37 ||    64
  Dodge: Dodged            |   102 |   144 ||   246
